 Dungeon Sprint DCSS version 0.22-a0-858-g985ef60 (webtiles) character file.

16200000 protoss039 the Middleweight Champion (level 27, -88/273 HPs)
             Began as a Ghoul Gladiator on July 27, 2018.
             Was the Champion of Makhleb.
             Annihilated by a fleshlord
             ... wielding a +9 great mace
              (297 damage)
             ... in the Dungeon (Sprint VIII: "Arena of Blood").
             The game lasted 00:08:21 (162 turns).

protoss039 the Middleweight Champion (GhGl)          Turns: 162, Time: 00:08:22

Health: -88/273    AC:  8    Str: 22    XL:     27
Magic:  53/53      EV: 34    Int:  3    God:    Makhleb [******]
Gold:   0          SH:  0    Dex: 19    Spells: 80/80 levels left

rFire    . . .     SeeInvis +   k - +∞ Axe of Woe
rCold    + . .     Gourm    .   (shield currently unavailable)
rNeg     + + +     Faith    .   a - +0 leather armour
rPois    ∞         Spirit   .   b - +0 helmet
rElec    .         Reflect  .   (no cloak)
rCorr    .         Harm     .   (no gloves)
MR       ++...     NoTele   +   (no boots)
Stlth    ++++......             (no amulet)
HPRegen  0.00/turn              l - ring of see invisible
MPRegen  0.33/turn              (no ring)

@: rotting, slowed, very slow
A: rotting body, claws 1, carnivore, cold resistance 1, negative energy
resistance 3, inhibited regeneration, torment resistance, unbreathing
0: Orb of Zot
a: Minor Destruction, Lesser Servant of Makhleb, Major Destruction, Greater
Servant of Makhleb, Renounce Religion


You were in the Dungeon.
You worshipped Makhleb.
Makhleb was exalted by your worship.
You were not hungry.

You visited 1 branch

Inventory:

Hand Weapons
 k - the +∞ Axe of Woe (weapon)
   (You found it in the Dungeon)
Missiles
 c - 2 throwing nets (quivered)
Armour
 a - a +0 leather armour (worn)
 b - a +0 helmet (worn)
Jewellery
 l - a ring of see invisible (left claw)
Scrolls
 j - a scroll of blinking
Potions
 e - a potion of curing
 f - a potion of heal wounds
 g - a potion of haste
 h - 2 potions of magic
 i - a potion of berserk rage
Comestibles
 d - a ration


   Skills:
 O Level 27 Fighting
 O Level 27 Axes
 O Level 27 Throwing
 O Level 27 Armour
 O Level 27 Dodging
 O Level 27 Stealth
 O Level 27 Unarmed Combat
 O Level 27 Spellcasting
 O Level 27 Invocations


You had 80 spell levels left.
You didn't know any spells.
Your spell library was empty.

Dungeon Overview and Level Annotations

Branches:
Dungeon (1/1)

Altars:
Makhleb

Annotations:
D The Captor


Innate Abilities, Weirdness & Mutations

Your body is rotting away.
You thrive on raw meat.
You are immune to poison.
You have sharp fingernails.
You are carnivorous and can eat meat at any time.
Your flesh is cold resistant. (rC+)
You are immune to negative energy. (rN+++)
You do not regenerate when monsters are visible.
You are immune to unholy pain and torment.
You can survive without breathing.


Message History

The bag of meat closely misses you.
You hear a shout! x2
The meat berserker rages.
You hear a shout!
The eight-headed meat hydra bites you. The eight-headed meat hydra bites you!
The eight-headed meat hydra bites you but does no damage. x2
The eight-headed meat hydra closely misses you.
The eight-headed meat hydra bites you.
The eight-headed meat hydra completely misses you.
The eight-headed meat hydra bites you!
The ball lightning explodes!
The blast of lightning engulfs the eight-headed meat hydra.
The blast of lightning engulfs the wretched soul.
The blast of lightning engulfs the sculptor of flesh.
The blast of lightning engulfs you!
The blast of lightning engulfs the bag of meat. x2
The blast of lightning engulfs the observer.
The fleshlord hits you with a +9 great mace!!!!!!
Ouch! That really hurt!
You die...

.....%).).)......
......)))).......
.%..#o%.))%.#.§..
....#GW§x)po#.....
..###...§§O)###...
...%.%D###)).%....
....%..._)))......
....#.)))%#......
....#_p@o_#...M..
... #SooD)#......
.o.O%o_..WG.....
O.Do..###z......O
W###%. .%.###o.M


#Op ...# . #.. ...# .W ..o.. You could see 3 eight-headed meat hydras, 2
observers, a scourge, 3 fleshlords, a sculptor of flesh, a wretched soul
(invisible), 3 dreads, 4 meat berserkers and 9 bags of meat.

Vanquished Creatures
  Dispater (D)
  7 hell knights (D)
  12 hell beasts (D)
  8 greater mummies (D)
  9 great orbs of eyes (D)
  8 wraiths (D)
  22 vampire knights (D)
  54 ogres (D)
  10 two-headed ogres (D)
  11 liches (D)
  5 hydras (D)
  95 orcs (D)
  8 phantoms (D)
  5 skeletal warriors (D)
  6 sea snakes (D)
  14 large abominations (D)
  12 small abominations (D)
  2 ball lightnings (D)
  14 crawling corpses (D)
303 creatures vanquished.

Vanquished Creatures (others)
  4 ball lightnings (D)
4 creatures vanquished.

Grand Total: 307 creatures vanquished

Notes
Turn   | Place    | Note
-------+----------+-------------------------------------------
     0 | D        | Found the +∞ Axe of Woe
     0 | D        | protoss039 the Ghoul Gladiator began the quest for the Orb.
     0 | D        | Reached XP level 1. HP: 17/17 MP: 0/0
     1 | D        | Noticed a bag of meat
     2 | D        | Noticed a bag of meat
     3 | D        | Became a worshipper of Makhleb the Destroyer
     4 | D        | Noticed a bag of meat
     5 | D        | Noticed a meat berserker
     6 | D        | Noticed a meat berserker
     8 | D        | Killed a meat berserker
     8 | D        | Reached XP level 2. HP: 42/42 MP: 1/1
     8 | D        | Reached XP level 3. HP: 49/49 MP: 2/2
     8 | D        | Reached XP level 4. HP: 57/57 MP: 3/3
     8 | D        | Reached XP level 5. HP: 63/63 MP: 4/4
     8 | D        | Reached XP level 6. HP: 71/71 MP: 5/5
     8 | D        | Reached XP level 7. HP: 78/78 MP: 6/6
     8 | D        | Reached XP level 8. HP: 84/84 MP: 7/7
     8 | D        | Reached XP level 9. HP: 91/91 MP: 8/8
     8 | D        | Reached XP level 10. HP: 99/99 MP: 9/9
     8 | D        | Reached XP level 11. HP: 105/105 MP: 10/10
     8 | D        | Reached XP level 12. HP: 113/113 MP: 11/11
     8 | D        | Reached XP level 13. HP: 119/119 MP: 12/12
     8 | D        | Killed a meat berserker
     8 | D        | Reached * piety under Makhleb
     8 | D        | Reached XP level 14. HP: 132/132 MP: 13/13
     8 | D        | Killed a bag of meat
     8 | D        | Reached skill level 15 in Fighting
     8 | D        | Reached XP level 15. HP: 141/141 MP: 14/14
     8 | D        | Noticed a meat berserker
    10 | D        | Noticed a meat berserker
    11 | D        | Noticed a meat berserker
    11 | D        | Noticed a meat berserker
    11 | D        | Noticed a meat berserker
    13 | D        | Noticed a large bag of meat
    14 | D        | Killed a meat berserker
    14 | D        | Reached skill level 27 in Unarmed Combat
    14 | D        | Reached XP level 16. HP: 15/154 MP: 15/15
    14 | D        | Killed a meat berserker
    14 | D        | Reached ** piety under Makhleb
    14 | D        | Reached skill level 15 in Throwing
    14 | D        | Reached skill level 1 in Armour
    14 | D        | Noticed a meat berserker
    15 | D        | Killed a meat berserker
    15 | D        | Reached skill level 15 in Axes
    15 | D        | Reached skill level 27 in Dodging
    15 | D        | Reached XP level 17. HP: 139/176 MP: 16/16
    15 | D        | Killed a meat berserker
    15 | D        | Reached *** piety under Makhleb
    15 | D        | Reached XP level 18. HP: 194/194 MP: 17/17
    18 | D        | Reached skill level 27 in Fighting
    18 | D        | Reached **** piety under Makhleb
    18 | D        | Reached XP level 19. HP: 207/207 MP: 18/18
    18 | D        | Killed a meat berserker
    18 | D        | Reached skill level 27 in Axes
    18 | D        | Reached skill level 10 in Armour
    18 | D        | Reached skill level 27 in Throwing
    18 | D        | Reached XP level 20. HP: 216/216 MP: 19/19
    18 | D        | Noticed a meat berserker
    19 | D        | Killed a large bag of meat
    19 | D        | Reached ***** piety under Makhleb
    19 | D        | Reached skill level 27 in Armour
    19 | D        | Reached skill level 10 in Invocations
    19 | D        | Reached XP level 21. HP: 224/224 MP: 19/32
    19 | D        | Killed a meat berserker
    19 | D        | Reached skill level 15 in Invocations
    19 | D        | Noticed a large bag of meat
    20 | D        | Reached skill level 15 in Spellcasting
    20 | D        | Reached ****** piety under Makhleb
    20 | D        | Reached XP level 22. HP: 233/233 MP: 19/41
    20 | D        | Noticed a large bag of meat
    22 | D        | Noticed a large bag of meat
    22 | D        | Noticed a large bag of meat
    23 | D        | Killed a large bag of meat
    23 | D        | Reached skill level 27 in Stealth
    23 | D        | Reached skill level 27 in Invocations
    23 | D        | Reached XP level 23. HP: 240/240 MP: 19/49
    24 | D        | Noticed a destroyer
    25 | D        | Reached skill level 27 in Spellcasting
    26 | D        | Noticed a destroyer
    27 | D        | Killed a large bag of meat
    27 | D        | Reached XP level 24. HP: 145/249 MP: 21/53
    28 | D        | Killed a large bag of meat
    29 | D        | Reached XP level 25. HP: 241/257 MP: 21/53
    30 | D        | Killed a destroyer
    31 | D        | Killed a large bag of meat
    34 | D        | Noticed a destroyer
    35 | D        | Noticed a destroyer
    37 | D        | Killed a destroyer
    37 | D        | Reached XP level 26. HP: 266/266 MP: 23/53
    44 | D        | Killed a destroyer
    46 | D        | Noticed a destroyer
    46 | D        | Noticed a tyrant
    46 | D        | Noticed an accursed
    47 | D        | Reached XP level 27. HP: 273/273 MP: 26/53
    48 | D        | Killed a tyrant
    49 | D        | Killed a destroyer
    50 | D        | Noticed a destroyer
    51 | D        | Noticed a tyrant
    56 | D        | Noticed an accursed
    60 | D        | Noticed a meat beast
    60 | D        | Noticed a dread
    61 | D        | Noticed a meat beast
    61 | D        | Noticed a tyrant
    64 | D        | Killed an accursed
    65 | D        | Killed a destroyer
    65 | D        | Killed a meat beast
    66 | D        | Noticed a dread
    68 | D        | Noticed a large bag of meat
    68 | D        | Noticed a destroyer
    68 | D        | Noticed a destroyer
    68 | D        | Noticed a tyrant
    68 | D        | Noticed a destroyer
    69 | D        | Killed a meat beast
    70 | D        | Noticed a destroyer
    70 | D        | Noticed a destroyer
    71 | D        | Killed a destroyer
    71 | D        | Killed a destroyer
    73 | D        | Killed a tyrant
    73 | D        | Killed a destroyer
    73 | D        | Noticed a meat beast
    73 | D        | Noticed a destroyer
    75 | D        | Killed a tyrant
    75 | D        | Killed a destroyer
    75 | D        | Noticed a dread
    75 | D        | Noticed a large bag of meat
    76 | D        | Killed a dread
    76 | D        | Noticed a meat beast
    76 | D        | Noticed a meat beast
    77 | D        | Killed a tyrant
    77 | D        | Killed a destroyer
    78 | D        | Killed a destroyer
    78 | D        | Noticed a large bag of meat
    79 | D        | Killed a large bag of meat
    80 | D        | Killed a dread
    81 | D        | Killed a destroyer
    81 | D        | Killed a meat beast
    81 | D        | Killed a meat beast
    82 | D        | Noticed a destroyer
    84 | D        | Noticed a meat beast
    84 | D        | Noticed an accursed
    84 | D        | Noticed a destroyer
    86 | D        | Killed a large bag of meat
    86 | D        | Killed a meat beast
    87 | D        | Killed a large bag of meat
    89 | D        | Killed a destroyer
    90 | D        | Killed a meat beast
    90 | D        | Noticed a destroyer
    91 | D        | Killed a destroyer
    92 | D        | Noticed a destroyer
    92 | D        | Noticed a meat beast
    92 | D        | Noticed a meat beast
    93 | D        | Killed a dread
    94 | D        | Killed a destroyer
    94 | D        | Killed an accursed
    95 | D        | Killed a meat beast
    96 | D        | Killed a destroyer
    96 | D        | Killed a meat beast
    98 | D        | Noticed a tyrant
   101 | D        | Noticed a large bag of meat
   103 | D        | Noticed a large bag of meat
   103 | D        | Noticed a tyrant
   104 | D        | Noticed a tyrant
   104 | D        | Noticed an accursed
   104 | D        | Noticed an accursed
   105 | D        | Killed an accursed
   107 | D        | Noticed an accursed
   107 | D        | Noticed a destroyer
   107 | D        | Noticed an accursed
   108 | D        | Noticed a tyrant
   108 | D        | Noticed a tyrant
   109 | D        | Killed a tyrant
   109 | D        | Killed a large bag of meat
   109 | D        | Noticed an accursed
   111 | D        | Killed a destroyer
   111 | D        | Killed an accursed
   113 | D        | Killed an accursed
   114 | D        | Killed a tyrant
   115 | D        | Killed an accursed
   117 | D        | Killed a tyrant
   117 | D        | Killed a large bag of meat
   117 | D        | Noticed a meat beast
   117 | D        | Noticed a meat beast
   118 | D        | Noticed a dread
   118 | D        | Noticed a tyrant
   119 | D        | Killed a tyrant
   120 | D        | Killed an accursed
   120 | D        | Noticed a tyrant
   120 | D        | Noticed a destroyer
   121 | D        | Killed a meat beast
   127 | D        | Killed a destroyer
   127 | D        | Noticed a fleshlord
   127 | D        | Noticed a fleshlord
   128 | D        | Killed a tyrant
   130 | D        | Noticed a fleshlord
   131 | D        | Noticed a dread
   132 | D        | Killed a fleshlord
   133 | D        | Killed a fleshlord
   134 | D        | Noticed a fleshlord
   134 | D        | Killed an accursed
   134 | D        | Noticed a dread
   135 | D        | Killed a fleshlord
   136 | D        | Killed a tyrant
   137 | D        | Killed a meat beast
   137 | D        | Killed a tyrant
   137 | D        | Noticed a fleshlord
   138 | D        | Noticed a destroyer
   140 | D        | Killed a dread
   140 | D        | Noticed a destroyer
   140 | D        | Noticed a fleshlord
   141 | D        | Killed a destroyer
   141 | D        | Killed a dread
   142 | D        | Killed a fleshlord
   142 | D        | Killed a dread
   143 | D        | Killed a fleshlord
   144 | D        | Noticed a destroyer
   145 | D        | Noticed a dread
   146 | D        | Noticed a dread
   147 | D        | Noticed The Meatlord
   147 | D        | Noticed a fleshlord
   148 | D        | Noticed a meat beast
   148 | D        | Killed a destroyer
   149 | D        | Killed a destroyer
   150 | D        | Noticed a meat beast
   151 | D        | Noticed a fleshlord
   151 | D        | Killed a fleshlord
   151 | D        | Killed a dread
   152 | D        | Killed a meat beast
   154 | D        | Killed a meat beast
   155 | D        | Killed a fleshlord
   156 | D        | Noticed a dread
   157 | D        | Noticed a destroyer
   158 | D        | Noticed The Captor
   159 | D        | Noticed a fleshlord
   159 | D        | Killed a dread
   159 | D        | Noticed a dread
   160 | D        | Killed a destroyer
   160 | D        | Noticed a fleshlord
   161 | D        | Killed The Meatlord
   161 | D        | Noticed a dread
   161 | D        | Noticed a fleshlord
   162 | D        | Got the Orb of Zot
   162 | D        | Annihilated by a fleshlord

Vault maps used:
D:        meatsprint

Skill      XL: |  1  2  3  4  5  6  7  8  9 10 11 12 13 14 15 16 17 18 19 20 21 22 23 |
---------------+----------------------------------------------------------------------+-----
Fighting       | 12 14 15 16 21 25 27 | 27.0
Axes           | 4 6 7 9 15 20 24 27 | 27.0
Throwing       | 11 12 13 14 17 20 21 27 | 27.0
Dodging        | 18 21 22 24 27 | 27.0
Unarmed Combat | 21 24 25 27 | 27.0
Armour         | 3 6 9 17 27 | 27.0
Stealth        | 11 22 27 | 27.0
Spellcasting   | 8 16 23 27 | 27.0
Invocations    | 10 20 27 | 27.0

Action                   |  1- 3 |  4- 6 |  7- 9 | 10-12 | 13-15 | 16-18 | 19-21 | 22-24 | 25-27 || total
-------------------------+-------+-------+-------+-------+-------+-------+-------+-------+-------++-------
Melee: Executioner's axe |     1 |       |       |       |     1 |     2 |     2 |     5 |    96 ||   107
Throw: Throwing net      |       |       |       |       |       |       |       |       |     1 ||     1
Armor: Leather armour    |       |       |       |       |       |       |       |       |     8 ||     8
Dodge: Dodged            |       |       |       |       |       |     1 |       |     3 |    23 ||    27

Table legend:
 A = Spawn XP
 B = Non-spawn XP
 C = Spawn XP percentage of total XP
 D = Spawn monster count
 E = Non-spawn monster count
 F = Spawn count percentage of total count
 G = Total turns spent on level
                    A         B        C        D         E        F      G
               +---------+---------+-------+---------+---------+-------+---------
         Total |       0 | 8999999 |   0.0 |       0 |     281 |   0.0 |   162
               +---------+---------+-------+---------+---------+-------+---------
             D |       0 | 8999999 |   0.0 |       0 |     281 |   0.0 |   162
               +---------+---------+-------+---------+---------+-------+---------
